cohdb
Replays
Latest Replays
All Replays
Popular Replays
Top Player Replays
Match Explorer
How It Works
Community
CoH3 Stats
Reddit
Sign in to upload your games and track your stats! →
Sign in with Steam
Match 33441646
Unlisted
Match 33441646
Overview
Messages
Build Orders
End
Royal Engineer Section
Construct Section Command Post
Infantry Section
Selects Air and Sea Battlegroup
Infantry Section
Infantry Section
Construct Platoon Command Post
Grenade Package
Humber Armored Car
Selects Commando Section Paradrop
Infantry Training
6-pounder Anti-tank Gun Team
Commando Section Paradrop
Selects Commando Support Section Paradrop
Commando Section Paradrop
Selects Incendiary Bombing Run
Selects Supply Surplus
Construct Company Command Post
Unlock M3 Grant Medium Tanks
CMP 15cwt Truck
M3 Grant Medium Tank
Selects Centaur Medium Tank
Vasilli Grozny
Manu
mariopl97
Cpt Darling
0
0
Comments
sign in to comment!
No comments posted yet!